 Dungeon Crawl Stone Soup version 0.31.0-11-ge490571c62 (webtiles) character file.

Game seed: 5825825239601954071

314 qw the Shooter (level 6, -1/30 HPs)
             Began as a Spriggan Hunter on Feb 4, 2024.
             Killed from afar by an orc wizard (8 damage)
             ... with a magic dart
             ... on level 4 of the Dungeon.
             The game lasted 00:00:12 (2744 turns).

qw the Shooter (Spriggan Hunter)                    Turns: 2744, Time: 00:00:13

Health: -1/30      AC:  2    Str:  7    XL:     6   Next: 19%
Magic:  7/7        EV: 21    Int: 11    God:
Gold:   138        SH:  0    Dex: 20    Spells: 5/5 levels left

rFire   . . .        a - +2 shortbow
rCold   . . .        (shield currently unavailable)
rNeg    . . .        c - +0 robe
rPois   .            (helmet restricted)
rElec   .            (no cloak)
rCorr   .            (gloves unavailable)
SInv    +            (boots unavailable)
Will    +....        (no amulet)
Stlth   ++           (no ring)
HPRegen 0.25/turn    (no ring)
MPRegen 0.10/turn

%: no passive effects
@: about to teleport, very quick
A: very small, no large weapons, unfitting armour, see invisible, speed 3
a: no special abilities


You were on level 4 of the Dungeon.
You visited 1 branch of the dungeon, and saw 4 of its levels.

You collected 138 gold pieces.


Innate Abilities, Weirdness & Mutations

You are very small and have problems with some larger weapons.
You are too small for most types of armour.
You have supernaturally acute eyesight. (SInv)
You cover ground extremely quickly. (Speed+++)


   Skills:
 - Level 2.2 Fighting
 - Level 6.0 Ranged Weapons
 + Level 5.8 Dodging
 - Level 1.5 Stealth


You had 5 spell levels left.
You didn't know any spells.
Your spell library was empty.

Inventory:

Hand Weapons
 a - a +2 shortbow (weapon)
Armour
 c - a +0 robe (worn)
Wands
 f - a wand of polymorph (8)
Scrolls
 b - a scroll of teleportation
Potions
 d - a potion of curing
 e - a potion of brilliance {unknown}
 h - a potion of ambrosia {unknown}
 i - a potion of mutation {unknown}

Dungeon Overview and Level Annotations

Branches:
Dungeon (4/15)
 Temple: D:4-7

Altars:

Annotations:
D:3 1 runed translucent door, Crazy Yiuf


Message History

The orc is moderately wounded.
The orc wizard casts a spell.
The orc wizard flickers and vanishes for a moment.
You shoot an arrow. The arrow hits the orc priest.
The orc priest is moderately wounded.
The orc barely misses you. The orc priest misses you.
You shoot an arrow.
The arrow closely misses the orc priest.
The orc misses you. The orc priest hits you with a +0 whip.
You shoot an arrow. The arrow hits the orc priest.
The orc priest is heavily wounded.
The orc barely misses you. The orc priest closely misses you.
The orc hits you with a +0 flail!
You shoot an arrow.
The arrow closely misses the orc priest.
The orc priest misses you. The orc hits you but does no damage.
You shoot an arrow. The arrow barely misses the orc priest.
The orc priest calls upon Beogh to heal the orc.
The orc's wounds heal themselves!
The orc completely misses you. The orc priest hits you with a +0 whip.
You shoot an arrow. The arrow hits the orc priest.
The orc priest is almost dead.
The orc completely misses you.
The orc priest casts a cantrip, but nothing happens.
You shoot an arrow. The arrow hits the orc priest.
You kill the orc priest!
The orc closely misses you.
You shoot an arrow. The arrow hits the orc wizard.
The orc wizard is moderately wounded.
The orc hits you with a +0 flail! The orc wizard barely misses you.
2743 ||| READING 2 scrolls of teleportation.
As you read the scroll of teleportation, it crumbles to dust.
You feel strangely unstable. The orc wizard barely misses you.
The orc closely misses you.
You shoot an arrow. The arrow hits the orc wizard.
The orc wizard is heavily wounded.
The orc completely misses you.
The orc wizard gestures at you while chanting.
The magic dart hits you!
You die...

#.# #.# ###### #.#
.....# #.# .....#
#.#########
.....########..[.......
...................##
.................#....
....>..#########@# ##
####..## ..))..oo#
#..##..~...~.o#
#..#o..........
#..#oo......... .
####..#o........... .#.
......##..~...~..#. #..
......###........#.....
####...#########.###.#


You could see an orc wizard (invisible) and 2 orcs.

Vanquished Creatures
  A phantom (D:4)
  2 orc priests (D:4)
  Natasha (thrice) (D:3)
  A gnoll (D:2)
  4 adders
  3 dart slugs
  A ribbon worm (D:2)
  2 orcs
  5 endoplasms
  A giant cockroach (D:3)
  6 hobgoblins
  8 jackals
  2 quokkas
  5 ball pythons
  A bat (D:3)
  3 frilled lizards
  3 goblins
  4 kobolds
  6 rats
61 creatures vanquished.

Notes
Turn   | Place    | Note
-------+----------+-------------------------------------------
     0 | D:1      | qw the Spriggan Hunter began the quest for the Orb.
     0 | D:1      | Reached XP level 1. HP: 10/10 MP: 2/2
     0 | D:1      | 0 ||| qw: Version: 0.3-a-160-g6735b56
     0 | D:1      | 0 ||| qw: Game counter: 4456
     0 | D:1      | 0 ||| qw: Melee chars always use a shield: true
     0 | D:1      | 0 ||| qw: God list: Okawaru
     0 | D:1      | 0 ||| qw: Allow faded altars: false
     0 | D:1      | 0 ||| qw: Do Orc after clearing Dungeon:15 true
     0 | D:1      | 0 ||| qw: Do second Lair branch before Depths: true
     0 | D:1      | 0 ||| qw: Lair rune preference: random
     0 | D:1      | 0 ||| qw: Goals: Normal
     0 | D:1      | 0 ||| PLANNING D:1-11
    95 | D:1      | Reached skill level 3 in Dodging
   300 | D:1      | Reached XP level 2. HP: 14/14 MP: 3/3
   857 | D:1      | 857 ||| READING scroll labelled DOONIN WEFAI.
   858 | D:1      | 858 ||| READING scroll labelled WEILERE XEMI.
   859 | D:1      | 859 ||| READING scroll labelled JUIVEI ENUMO.
   862 | D:1      | 862 ||| READING scroll labelled HOLLACVOKK.
   863 | D:1      | 863 ||| DROPPING scroll of butterflies.
   981 | D:2      | Reached XP level 3. HP: 18/18 MP: 4/4
  1206 | D:2      | Reached skill level 5 in Ranged Weapons
  1211 | D:2      | Reached XP level 4. HP: 17/22 MP: 5/5
  1622 | D:2      | 1622 ||| READING scroll labelled KIASHO SUKINO.
  1753 | D:3      | Noticed Natasha
  1757 | D:3      | 1757 ||| FLEEEEING.
  1763 | D:3      | Killed Natasha
  2051 | D:3      | Found a runed translucent door.
  2052 | D:3      | Noticed Crazy Yiuf
  2072 | D:3      | Noticed Natasha
  2079 | D:3      | Killed Natasha
  2080 | D:3      | Reached XP level 5. HP: 21/26 MP: 6/6
  2105 | D:3      | Noticed Natasha
  2111 | D:3      | 2111 ||| RETREEEEATING.
  2112 | D:3      | 2112 ||| RETREEEEATING.
  2113 | D:3      | 2113 ||| RETREEEEATING.
  2114 | D:3      | 2114 ||| RETREEEEATING.
  2115 | D:3      | 2115 ||| RETREEEEATING.
  2116 | D:3      | 2116 ||| RETREEEEATING.
  2117 | D:3      | 2117 ||| RETREEEEATING.
  2118 | D:3      | 2118 ||| RETREEEEATING.
  2119 | D:3      | 2119 ||| RETREEEEATING.
  2120 | D:3      | 2120 ||| RETREEEEATING.
  2121 | D:3      | 2121 ||| RETREEEEATING.
  2123 | D:3      | 2123 ||| RETREEEEATING.
  2124 | D:3      | 2124 ||| RETREEEEATING.
  2127 | D:3      | 2127 ||| RETREEEEATING.
  2128 | D:3      | 2128 ||| RETREEEEATING.
  2128 | D:3      | HP: 6/26 [cerulean imp/+1 spear[Natasha] (5)]
  2129 | D:3      | 2129 ||| READING 2 scrolls of teleportation.
  2130 | D:3      | 2130 ||| RETREEEEATING.
  2134 | D:3      | 2134 ||| FLEEEEING.
  2135 | D:3      | 2135 ||| FLEEEEING.
  2136 | D:3      | 2136 ||| FLEEEEING.
  2137 | D:3      | 2137 ||| FLEEEEING.
  2434 | D:3      | Killed Natasha
  2545 | D:3      | 2545 ||| READING 2 scrolls labelled QAQIXZ TIARRUXEUFI.
  2545 | D:3      | 2545 ||| ENCHANTING +0 shortbow.
  2546 | D:3      | 2546 ||| READING scroll of enchant weapon.
  2546 | D:3      | 2546 ||| ENCHANTING +1 shortbow.
  2547 | D:3      | 2547 ||| DRINKING 2 inky potions.
  2548 | D:3      | 2548 ||| DRINKING 2 emerald potions.
  2549 | D:3      | 2549 ||| DROPPING potion of attraction.
  2638 | D:4      | Noticed a phantom
  2648 | D:4      | Killed a phantom
  2649 | D:4      | Reached skill level 6 in Ranged Weapons
  2711 | D:4      | Reached XP level 6. HP: 18/30 MP: 7/7
  2742 | D:4      | HP: 6/30 [orc/+0 flail (8)]
  2743 | D:4      | 2743 ||| READING 2 scrolls of teleportation.
  2744 | D:4      | Killed from afar by an orc wizard

Levels and vault maps discovered:
D:1:      dpeg_arrival_pits, layout_basic, minivault_26, st_stairs_8,
          hangedman_decor_push
D:2:      minmay_recursive_quarters, layout_loops_ring,
          hangedman_abyss_or_decor_stabs
D:3:      layout_rooms, chequers_serial_rivers_micro_a, nicolae_hexahallways,
          uniq_crazy_yiuf_cottage, uniq_natasha
D:4:      cheibrodos_pilgrimage, layout_basic,
          mainiacjoe_overflow_small_starburst,
          mainiacjoe_overflow_catch_the_wave, grunt_decor_cap, minmay_bisected

Skill      XL: |  1  2  3  4  5 |
---------------+----------------+-----
Dodging        | 3 4 5 |  5.8
Ranged Weapons | 5 6 |  6.0
Fighting       | 2 |  2.2
Stealth        | |  1.5

Action                     |  1- 3 |  4- 6 || total
---------------------------+-------+-------++-------
   Fire: Shortbow          |   113 |   107 ||   220
    Use: Scroll            |     4 |     5 ||     9
         Potion            |       |     2 ||     2
 Armour: Robe              |     9 |    20 ||    29
  Dodge: Dodged            |    43 |    41 ||    84

Table legend:
 A = Non-vault XP
 B = Vault XP
 C = Vault XP percentage of total XP
 D = Non-vault monster count
 E = Vault monster count
 F = Vault count percentage of total count
                 A         B        C        D         E       F
            +---------+---------+-------+---------+---------+-------
      Total |     291 |     158 |  35.2 |      50 |      11 |  18.0
            +---------+---------+-------+---------+---------+-------
        D:1 |      36 |       2 |   5.3 |      21 |       1 |   4.5
        D:2 |      50 |      34 |  40.5 |      14 |       6 |  30.0
        D:3 |     104 |      35 |  25.2 |      14 |       1 |   6.7
        D:4 |     101 |      87 |  46.3 |       1 |       3 |  75.0
            +---------+---------+-------+---------+---------+-------
